 Dungeon Crawl Stone Soup version 0.21.0-24-g2553a33 (webtiles) character file.

5141 Gorglomux the Protected (level 10, 0/66 HPs)
             Began as a Gargoyle Fighter on Jan 20, 2018.
             Was a Follower of the Shining One.
             Slain by a killer bee (5 damage)
             ... on level 8 of the Dungeon.
             The game lasted 00:03:57 (5886 turns).

Gorglomux the Protected (Gargoyle Fighter)          Turns: 5886, Time: 00:03:58

Health: 0/66       AC: 19    Str: 24    XL:     10   Next: 58%
Magic:  10/10      EV:  8    Int:  8    God:    the Shining One [*.....]
Gold:   221        SH: 17    Dex:  9    Spells: 9/9 levels left

rFire    . . .     SeeInvis .   X - +0 war axe (freeze)
rCold    . . .     Gourm    .   O - +0 large shield
rNeg     + . .     Faith    +   b - +0 scale mail
rPois    ∞         Spirit   .   (no helmet)
rElec    +         Reflect  .   s - +1 cloak
rCorr    .         Harm     .   (no gloves)
MR       +....                  w - +0 pair of boots
Stlth    ..........             Z - amulet of faith
HPRegen  0.21/turn              L - +2 ring of evasion
MPRegen  0.12/turn              m - ring of protection from magic

@: glowing
A: negative energy resistance 1, electricity resistance, unbreathing,
petrification resistance, rot immunity, AC +7
a: Renounce Religion


You were on level 8 of the Dungeon.
You worshipped the Shining One.
The Shining One was aware of your devotion.
You were hungry.

You visited 2 branches of the dungeon, and saw 9 of its levels.

You collected 279 gold pieces.
You spent 58 gold pieces at shops.

Inventory:

Hand Weapons
 X - a +0 war axe of freezing (weapon)
Armour
 b - a +0 scale mail (worn)
 s - a +1 cloak (worn)
 w - a +0 pair of boots (worn)
 O - a +0 large shield (worn)
Jewellery
 g - an uncursed ring of resist corrosion
 m - a ring of protection from magic (right hand)
 L - a +2 ring of evasion (left hand)
 Z - an amulet of faith (around neck)
Wands
 E - a wand of enslavement (10)
 S - a wand of scattershot (3)
Scrolls
 q - 2 scrolls of fog
 r - a scroll of enchant armour {unknown}
 u - a scroll of amnesia {unknown}
 B - 2 scrolls of blinking
 M - a scroll of remove curse
 R - a scroll of identify
 T - 2 scrolls of teleportation
 U - a scroll of enchant weapon {unknown}
 W - a scroll of noise {unknown}
 Y - 3 scrolls of fear
Potions
 d - 3 potions of might
 n - 3 potions of haste
 F - 3 potions of berserk rage
 N - a potion of agility
 P - a potion of heal wounds
 Q - a potion of curing
Books
 V - a book of Flames

   Spells                             Type                      Level
   a - Flame Tongue                   Conjuration/Fire             1
   b - Throw Flame                    Conjuration/Fire             2
   c - Conjure Flame                  Conjuration/Fire             3
   d - Inner Flame                    Hexes/Fire                   3
   e - Sticky Flame                   Conjuration/Fire             4
   f - Fireball                       Conjuration/Fire             5
Comestibles
 f - 9 rations
 K - a chunk of flesh


   Skills:
 + Level 9.0 Fighting
 + Level 7.3 Axes
 + Level 9.1 Armour
 + Level 9.1 Shields


You had 9 spell levels left.
You didn't know any spells.

Dungeon Overview and Level Annotations

Branches:
Dungeon (8/15)             Temple (1/1) D:6
   Lair: D:8-11

Altars:
Cheibriados
Dithmenos
Elyvilon
Nemelex Xobeh
Okawaru
Qazlal
Sif Muna
Trog
Wu Jian
Yredelemnul
Zin
The Shining One

Shops:
D:7 [


Innate Abilities, Weirdness & Mutations

You are resistant to torment.
Your stone body is resilient. (AC +7)
You are immune to poison.
You resist negative energy. (rN+)
You are resistant to electric shocks. (rElec)
You can survive without breathing.
You are immune to petrification.
You are immune to rotting.


Message History

The killer butt stings you but does no damage!
The butt bee stings you but does no damage!
You open the killer bee but do butt butt!
The butt bee is moderately wounded!
You block the killer butt'butts attack! You block the butt bee's attack!
You block the killer bee's attack!
Unknown command!
You carve the killer bee butt a ham! You freeze the killer bee!
The killer bee is severely wounded!
You block the killer bee's attack!
The killer bee stings you but does no butt!
Unknown command!
Your shield and scale mail prevent you from butt the killer bee!
The killer bee is severely wounded!
You block the killer bee's attack! x2
Unknown command!
Your shield prevents you from hitting the killer bee!
The killer bee is severely wounded!
You block the killer bee's attack! x2; The killer bee stings you! rip

≈≈≈≈≈....##########..##.#
≈≈≈.... ##(##.# .......
#..)..# ...≈... #.))..#
...≈... #.....#
..≈≈...##### ####.....####
.≈≈≈.......###...........#
...........')†.......>...#
..........y###@..........#
##.y######## #.y....######
#.O #......# y# #......#
########


You could see a killer bee.

Vanquished Creatures
  3 two-headed ogres
  Joseph (D:7)
  A queen bee (D:8)
  Grinder (D:3)
  Duvessa (D:7)
  An ice beast (D:7)
  2 sky beasts
  2 orc warriors (D:8)
  3 phantoms
  3 ogres
  A centaur (D:7)
  A bullfrog (D:3)
  Dowan (D:7)
  2 scorpions
  9 killer bees (D:8)
  3 crimson imps
  A jelly (D:5)
  A centaur skeleton (D:4)
  4 hounds
  Natasha (thrice) (D:2)
  4 orc wizards
  4 worker ants
  A hound zombie (D:6)
  4 gnolls (D:8)
  8 adders
  2 shadow imps
  An ooze (D:3)
  2 worms (D:2)
  2 dart slugs
  3 leopard geckos
  13 orcs
  8 bats
  3 giant cockroaches
  4 goblins
  A hobgoblin (D:2)
  13 kobolds
  3 quokkas
  A ball python skeleton (D:4)
  4 frilled lizards
  A jackal zombie (D:6)
  A quokka skeleton (D:5)
  6 rats
133 creatures vanquished.

Notes
Turn   | Place    | Note
-------+----------+-------------------------------------------
     0 | D:1      | Gorglomux the Gargoyle Fighter began the quest for the Orb.
     0 | D:1      | Reached XP level 1. HP: 14/14 MP: 1/1
     3 | D:1      | Noticed a seven-headed hydra
     6 | D:1      | Noticed a death yak
   237 | D:1      | Reached XP level 2. HP: 13/19 MP: 2/2
   492 | D:2      | Reached XP level 3. HP: 21/23 MP: 3/3
   596 | D:2      | Reached XP level 4. HP: 27/29 MP: 4/4
   889 | D:2      | Noticed Natasha
   894 | D:2      | Killed Natasha
   894 | D:2      | Noticed Natasha
   916 | D:2      | Killed Natasha
   916 | D:2      | Reached XP level 5. HP: 17/33 MP: 5/5
   965 | D:2      | Noticed Natasha
   977 | D:2      | Killed Natasha
  1200 | D:2      | You fall through a shaft!
  1233 | D:3      | Noticed Grinder
  1236 | D:3      | Paralysed by Grinder for 5 turns
  1251 | D:3      | Paralysed by Grinder for 3 turns
  1260 | D:3      | Killed Grinder
  1260 | D:3      | Reached skill level 3 in Axes
  1260 | D:3      | Reached XP level 6. HP: 8/39 MP: 6/6
  1721 | D:3      | Found a deep blue altar of Sif Muna.
  1937 | D:3      | Reached XP level 7. HP: 39/44 MP: 7/7
  2284 | D:4      | Found a shadowy altar of Dithmenos.
  2861 | D:5      | Entered Level 5 of the Dungeon
  3123 | D:5      | Reached XP level 8. HP: 35/51 MP: 8/8
  3187 | D:5      | Found a bloodstained altar of Trog.
  3294 | D:5      | Reached skill level 6 in Fighting
  3294 | D:5      | Reached skill level 6 in Armour
  3294 | D:5      | Reached skill level 6 in Shields
  3472 | D:5      | Found a bloodstained altar of Trog.
  3472 | D:5      | Found a stormy altar of Qazlal.
  3667 | D:6      | Found a staircase to the Ecumenical Temple.
  3710 | D:6      | Noticed a two-headed ogre
  3732 | D:6      | Killed a two-headed ogre
  3732 | D:6      | Reached XP level 9. HP: 30/57 MP: 9/9
  3739 | Temple   | Entered the Ecumenical Temple
  3808 | Temple   | Became a worshipper of the Shining One
  4573 | D:7      | Found Egon's Armour Emporium.
  4602 | D:7      | Bought a +0 large shield for 58 gold pieces
  4845 | D:7      | Noticed Joseph
  4857 | D:7      | Killed Joseph
  4857 | D:7      | Reached skill level 6 in Axes
  5038 | D:7      | Noticed Duvessa
  5038 | D:7      | Noticed Dowan
  5044 | D:7      | Killed Duvessa
  5050 | D:7      | Killed Dowan
  5644 | D:8      | Reached XP level 10. HP: 50/64 MP: 10/10
  5660 | D:8      | Noticed a two-headed ogre
  5669 | D:8      | Killed a two-headed ogre
  5825 | D:8      | Noticed a two-headed ogre
  5837 | D:8      | Reached * piety under the Shining One
  5842 | D:8      | Killed a two-headed ogre
  5842 | D:8      | Reached skill level 9 in Armour
  5847 | D:8      | Reached skill level 9 in Fighting
  5847 | D:8      | Reached skill level 9 in Shields
  5886 | D:8      | Slain by a killer bee

Skill      XL: |  1  2  3  4  5  6  7  8  9 10 |
---------------+-------------------------------+-----
Axes           | 2 3 4 5 6 7 |  7.3
Armour         | 4 5 7 8 9 |  9.1
Fighting       | 4 5 7 8 9 |  9.0
Shields        | 4 5 7 8 9 |  9.1

Action                   |  1- 3 |  4- 6 |  7- 9 | 10-12 || total
-------------------------+-------+-------+-------+-------++-------
Melee: War axe           |    79 |   126 |   349 |    83 ||   637
Evoke: Wand              |       |       |     4 |       ||     4
  Use: Potion            |       |     1 |       |       ||     1
       Scroll            |       |       |     8 |       ||     8
  Eat: Chunk             |       |     1 |     8 |     1 ||    10
       Ration            |       |     1 |     1 |       ||     2
Armor: Scale mail        |    40 |    78 |   183 |    51 ||   352
Dodge: Dodged            |    26 |    41 |    87 |    23 ||   177
Block: Shield            |    56 |    66 |   135 |       ||   257
       Large shield      |       |       |    63 |   118 ||   181
